cohdb
Replays
Latest Replays
All Replays
Popular Replays
Top Player Replays
Match Explorer
How It Works
Community
CoH3 Stats
Reddit
Sign in to upload your games and track your stats! →
Sign in with Steam
Match 42833698
Unlisted
Match 42833698
Overview
Messages
Build Orders
End
Selects Italian Combined Arms Battlegroup
Kradschützen Motorcycle Team
Selects Bersaglieri Squad
Bersaglieri Squad
Bersaglieri Squad
Construct Light Support Kompanie
Bersaglieri Squad
Selects Bersaglieri Bolster
2.5-tonne Medical Truck
Construct Mechanized Kompanie
Marder III Tank Destroyer
Selects Breda Model 30 Light Machine Guns
Saki
RuiBOOM
ArchAngel
Aphelion
dlghcjf0
AABBCC
gUi
akn1199999
0
0
Comments
sign in to comment!
No comments posted yet!